 Dungeon Crawl Stone Soup version 0.29-a0-468-ge57f7f99b4 (webtiles) character file.

Game seed: 12941696588082312621

36 avis the Chopper (level 3, -4/31 HPs)
             Began as a Hill Orc Monk on May 22, 2022.
             Slain by a gnoll
             ... wielding a +0 halberd
              (14 damage)
             ... on level 2 of the Dungeon.
             The game lasted 00:02:46 (1018 turns).

avis the Chopper (Hill Orc Monk)                    Turns: 1018, Time: 00:02:46

Health: -4/31      AC:  5    Str: 15    XL:     3   Next: 37%
Magic:  3/3        EV: 11    Int: 10    God:
Gold:   81         SH:  0    Dex: 13    Spells: 2/2 levels left

rFire   . . .      SeeInvis .   a - +0 hand axe
rCold   . . .      Faith    .   (no shield)
rNeg    . . .      Spirit   .   f - +0 ring mail
rPois   .          Reflect  .   (no helmet)
rElec   .          Harm     .   (no cloak)
rCorr   .          Rampage  .   (no gloves)
Will    .....                   (no boots)
Stlth   +.........              (no amulet)
HPRegen 0.10/turn               (no ring)
MPRegen 0.08/turn               (no ring)

@: no status effects
A: no striking features
a: no special abilities


You were on level 2 of the Dungeon.
You visited 1 branch of the dungeon, and saw 2 of its levels.

You collected 81 gold pieces.

Inventory:

Hand Weapons
 a - a +0 hand axe (weapon)
Armour
 b - a +0 robe
 f - a +0 ring mail (worn)
Wands
 h - a wand of paralysis (6)
Scrolls
 e - a scroll of identify {unknown}
 g - a scroll of enchant weapon {unknown}
Potions
 c - a potion of ambrosia
 d - a potion of brilliance {unknown}


   Skills:
 - Level 3.6 Fighting
 * Level 5.8 Axes
 - Level 2.4 Dodging
 - Level 1.5 Stealth


You had 2 spell levels left.
You didn't know any spells.
Your spell library contained the following spells:

 Spells                   Type           Power      Damage    Failure   Level
 Call Canine Familiar     Summ           0%         N/A       92%         3
 Portal Projectile        Hex/Tloc       0%         N/A       92%         3
 Leda's Liquefaction      Hex/Erth       0%         N/A       100%        4


Dungeon Overview and Level Annotations

Branches:
Dungeon (2/15)

Altars:

Annotations:
D:1 Deep water unexplored


Message History

You hit the worm.
The worm is severely wounded.
The worm bites you but does no damage.
You barely miss the worm.
The worm is severely wounded.
You hit the worm.
The worm is almost dead.
The worm closely misses you.
You hit the worm.
You kill the worm!
A gnoll comes into view. It is wielding a +0 spear.
A gnoll comes into view. It is wielding a +0 halberd.
Found a scroll labelled DYUZXED UJORO.
The gnoll barely misses you. The gnoll closely misses you.
The gnoll hits you but does no damage.
You hit the gnoll but do no damage. You closely miss the gnoll.
The gnoll hits you with a +0 halberd! The gnoll barely misses you.
You hit the gnoll.
The gnoll is moderately wounded.
You hit the gnoll but do no damage. The gnoll barely misses you.
The gnoll hits you with a +0 spear.
You completely miss the gnoll.
The gnoll is moderately wounded.
You barely miss the gnoll. The gnoll barely misses you.
The gnoll hits you but does no damage.
You barely miss the gnoll.
The gnoll is moderately wounded.
You hit the gnoll. The gnoll barely misses you.
The gnoll hits you but does no damage.
You hit the gnoll.
The gnoll is severely wounded.
You barely miss the gnoll. The gnoll barely misses you.
The gnoll closely misses you.
You hit the gnoll.
The gnoll is almost dead.
You hit the gnoll but do no damage. The gnoll hits you with a +0 halberd!
The gnoll hits you but does no damage.
You hit the gnoll but do no damage.
The gnoll is almost dead.
You barely miss the gnoll. The gnoll hits you with a +0 halberd!
You die...

..... ..... #..?#
#...# #...# #...#
#.g.# ####
##.@.###...
#####...g....#
........##...##.
#.##...........#
###.#.#)..........
...............#.
.##.##.<).#.......
#. #........##..
$...$........


You could see 2 gnolls.

Vanquished Creatures
  An adder (D:2)
  A worm (D:2)
  A dart slug (D:1)
  An endoplasm (D:1)
  A giant cockroach (D:1)
  A goblin (D:1)
  A hobgoblin (D:1)
  2 kobolds
  3 quokkas (D:1)
  3 ball pythons (D:1)
  4 bats (D:1)
  A frilled lizard (D:1)
  4 rats
24 creatures vanquished.

Notes
Turn   | Place    | Note
-------+----------+-------------------------------------------
     0 | D:1      | avis the Hill Orc Monk began the quest for the Orb.
     0 | D:1      | Reached XP level 1. HP: 19/19 MP: 1/1
    80 | D:1      | Reached XP level 2. HP: 11/26 MP: 2/2
   352 | D:1      | Reached skill level 5 in Axes
   511 | D:1      | Found a faded altar of an unknown god.
   993 | D:2      | Reached XP level 3. HP: 31/31 MP: 3/3
  1018 | D:2      | Slain by a gnoll

Illustrated notes

Levels and vault maps discovered:
D:1:      lemuel_arrival_river_passageway, layout_basic,
          hellmonk_ecumenical_altar_lost_god
D:2:      layout_loops_cross, serial_bayou_pond_b

Skill      XL: |  1  2 |
---------------+-------+-----
Axes           | 5 |  5.8
Fighting       | |  3.6
Dodging        | |  2.4
Stealth        | |  1.5

Action                   || total
-------------------------++-------
Melee: Hand axe          ||    89
       Punch             ||     2
Armor: Robe              ||     8
       Ring mail         ||    18
Dodge: Dodged            ||    59

Table legend: (Time is in decaauts)
 A = Elapsed time spent in this place.
 B = Non-inter-level travel time spent in this place.
 C = Inter-level travel time spent in this place.
 D = Time resting spent in this place.
 E = Time spent auto-exploring this place.
 F = Levels seen in this place.
 G = Mean time per level.
                   A        B        C        D        E       F      G
               +--------+--------+--------+--------+--------+-----+--------+
         Total |   1044 |    994 |     50 |    243 |    520 |   2 |  522.0 |
       Dungeon |   1044 |    994 |     50 |    243 |    520 |   2 |  522.0 |
               +--------+--------+--------+--------+--------+-----+--------+

Top non-repeatable levels by time:
     D:1: 1002 daAuts
     D:2: 42 daAuts
